 Dungeon Crawl Stone Soup version 0.21-a0-2-ge494091 (webtiles) character file.

337 sveltemanboy the Skirmisher (level 6, -1/48 HPs)
             Began as a Demonspawn Monk on May 22, 2017.
             Was a Believer of Ashenzari.
             Slain by an orc warrior
             ... wielding a +0 halberd
              (8 damage)
             ... on level 4 of the Dungeon.
             The game lasted 00:09:14 (3814 turns).

sveltemanboy the Skirmisher (Demonspawn Monk)       Turns: 3814, Time: 00:09:15

Health: -1/48      AC: 12    Str: 13    XL:     6   Next: 28%
Magic:  6/6        EV: 10    Int: 11    God:    Ashenzari [**....]
Gold:   230        SH:  0    Dex: 16    Spells: 5/5 levels left

rFire    . . .     SeeInvis .   a - +0 falchion
rCold    . . .     Gourm    .   (no shield)
rNeg     . . .     Faith    .   m - +3 scale mail {rPois}
rPois    +         Spirit   .   (no helmet)
rElec    .         Reflect  .   (no cloak)
rCorr    .         Harm     .   (no gloves)
MR       .....                  (no boots)
Stlth    ..........             (no amulet)
Regen    0.2/turn               k - ring of loudness (curse)
MPRegen  0.1/turn               (no ring)

@: about to teleport
A: hooves 2, molten scales 1, demonic guardian 1, powered by death 1
a: Curse Item, Scrying, Renounce Religion


You were on level 4 of the Dungeon.
You worshipped Ashenzari.
Ashenzari was pleased with you.
You were not hungry.

You visited 1 branch of the dungeon, and saw 4 of its levels.

You collected 230 gold pieces.

Inventory:

Hand Weapons
 a - a +0 falchion (weapon)
Armour
 m - a +3 scale mail of poison resistance (worn)
Jewellery
 k - a cursed ring of loudness (left hand)
Scrolls
 b - a scroll of enchant armour {unknown}
 d - a scroll of magic mapping {unknown}
 e - a scroll of amnesia {unknown}
 i - 2 scrolls of fear {unknown}
 l - 2 scrolls of teleportation
 o - a scroll of enchant weapon {unknown}
 q - a scroll of blinking
Potions
 f - a potion of resistance {unknown}
 j - a potion of degeneration {unknown}
 p - a potion of berserk rage {unknown}
 s - a potion of invisibility {unknown}
Comestibles
 c - 3 bread rations
 g - a royal jelly
 h - 4 meat rations


   Skills:
 - Level 4.3 Fighting
 * Level 3.3 Long Blades
 - Level 4.3 Armour
 - Level 3.0 Dodging
 - Level 1.7 Stealth


You had 5 spell levels left.
You didn't know any spells.

Dungeon Overview and Level Annotations

Branches:
Dungeon (4/15)
 Temple: D:4-7

Altars:
Ashenzari
Dithmenos
Okawaru
Wu Jian

Annotations:
D:3 Sigmund


Innate Abilities, Weirdness & Mutations

You have hoof-like feet.
You are partially covered in molten scales. (AC +2)
A weak demonic guardian rushes to your aid.
You regenerate a little health from kills.


Message History

The orc wizard is lightly wounded.
The orc warrior barely misses you. The orc wizard barely misses you.
You riposte.
You miss the orc wizard.
You kick the orc wizard, but do no damage.
The orc wizard is lightly wounded.
As you read the scroll of teleportation, it crumbles to dust.
You feel strangely unstable.
The orc warrior hits you from afar with a halberd!
* * * LOW HITPOINT WARNING * * *
The orc wizard gestures at you while chanting.
The magic dart hits you!
* * * LOW HITPOINT WARNING * * *
You feel better.
The orc wizard hits you but does no damage.
The orc warrior closely misses you.
You completely miss the orc wizard.
The orc wizard is lightly wounded.
The orc wizard closely misses you.
The orc warrior hits you from afar with a halberd!
You die...

### #<# #<# #.# #o# # #@#
# #.# # #o# # #o# ### #.#
..# #.#
#.##############.#
.......oo...o..#.#
.o############.#.########


You could see an orc warrior, an orc wizard and an orc.

Vanquished Creatures
  A gnoll (D:1)
  6 adders
  2 oozes (D:1)
  3 dart slugs
  5 leopard geckos
  5 orcs (D:3)
  8 giant cockroaches
  A goblin (D:1)
  4 hobgoblins
  3 jackals (D:2)
  6 kobolds
  4 quokkas
  A ball python (D:3)
  9 bats
  5 frilled lizards
  7 rats
70 creatures vanquished.

Vanquished Creatures (collateral kills)
  Grinder (D:3)
  A hound (D:2)
  An iguana (D:2)
  2 adders
  A worm (D:2)
  An orc (D:3)
7 creatures vanquished.

Grand Total: 77 creatures vanquished

Notes
Turn   | Place    | Note
-------+----------+-------------------------------------------
     0 | D:1      | sveltemanboy the Demonspawn Monk began the quest for the Orb.
     0 | D:1      | Reached XP level 1. HP: 18/18 MP: 1/1
    61 | D:1      | Reached skill level 1 in Armour
    78 | D:1      | Gained mutation: You are partially covered in molten scales. (AC +2) [demonic ancestry]
    78 | D:1      | Reached XP level 2. HP: 10/24 MP: 2/2
   562 | D:1      | Gained mutation: A weak demonic guardian rushes to your aid. [demonic ancestry]
   562 | D:1      | Reached XP level 3. HP: 11/29 MP: 3/3
  1287 | D:2      | Found a shattered altar of Ashenzari.
  1383 | D:2      | Gained mutation: You regenerate a little health from kills. [demonic ancestry]
  1383 | D:2      | Reached XP level 4. HP: 35/35 MP: 4/4
  1594 | D:2      | Found a shadowy altar of Dithmenos.
  1680 | D:2      | Found an ornate altar of the Wu Jian Council.
  2319 | D:2      | Gained mutation: You have large cloven feet. [demonic ancestry]
  2319 | D:2      | Reached XP level 5. HP: 42/42 MP: 5/5
  2584 | D:2      | Became a worshipper of Ashenzari the Shackled
  2584 | D:2      | Reached * piety under Ashenzari
  2584 | D:2      | Reached ** piety under Ashenzari
  2641 | D:3      | Noticed Grinder
  2671 | D:3      | Paralysed by Grinder for 5 turns
  2690 | D:3      | Killed Grinder
  2690 | D:3      | Gained mutation: You have hoof-like feet. [demonic ancestry]
  2690 | D:3      | Reached XP level 6. HP: 15/48 MP: 6/6
  2862 | D:3      | Found an iron altar of Okawaru.
  3510 | D:3      | Noticed Sigmund
  3755 | D:4      | Noticed an orc warrior
  3812 | D:4      | HP: 2/48 [orc wizard/magic dart (4)]
  3814 | D:4      | Slain by an orc warrior

Vault maps used:
D:1:      erik_arrival_gehennom, solitary_fountain
D:2:      nicolae_ashenzari_panopticon, gammafunk_temple_overflow_arena,
          lemuel_crystal_altar, first_bread
D:3:      st_stairs_12, okawaru_gym_becter, uniq_grinder, uniq_sigmund
D:4:      grunt_ministairs_7, uniq_robin

Skill      XL: |  1  2  3  4  5  6 |
---------------+-------------------+-----
Armour         | 1 2 3 4 |  4.3
Dodging        | 3 |  3.0
Fighting       | 4 |  4.3
Long Blades    | 3 |  3.3
Stealth        | |  1.7

Action                   |  1- 3 |  4- 6 || total
-------------------------+-------+-------++-------
Melee: Falchion          |   113 |   194 ||   307
       Kick              |       |    36 ||    36
  Use: Potion            |     1 |     2 ||     3
       Scroll            |     2 |     1 ||     3
 Stab: Sleeping          |     1 |       ||     1
  Eat: Chunk             |       |    10 ||    10
Armor: Robe              |     3 |       ||     3
       Scale mail        |    31 |   102 ||   133
Dodge: Dodged            |    74 |   122 ||   196
       Rpst.: Falchion   |    27 |    36 ||    63
